AoeStats
← jOSOPEID

Black Forest

509598672Analyzed
2v2 RM · 6d ago on Sep 27, 2026· 57m 45s· 4 players
Game mode
Random Map
Map size
Medium (4 player)
Population
200
Speed
Normal
Resources
Standard
Victory
Conquest
Starting age
Dark Age
Ending age
Imperial Age
RankedLock teamsTeams togetherTeam positionsShared explorationLock speedFull tech treeHidden civsTurbo modeCheats
Victory
Defeat
🇷🇺 Byzantines · Russia
764
+15
753
+16
🇩🇪 Britons · Germany
749
-16
🇩🇪 Goths · Germany
747
-15
jOSOPEID
17:36 Feudal Age
22:46 Forging
22:36 Scale Mail Armor
25:39 Castle Age
25:13 Man-at-Arms
26:48 Long Swordsman
28:11 Double-Bit Axe
29:26 Chain Mail Armor
29:47 Iron Casting
30:18 Horse Collar
34:29 Loom
35:25 Wheelbarrow
44:18 Imperial Age
44:27 Anarchy
44:39 Anarchy
45:28 Elite Huskarl
47:18 Perfusion
47:32 Perfusion
57:02 Gold Mining
IRAMODE
11:19 Feudal Age
19:14 Castle Age
17:56 Double-Bit Axe
21:30 Crossbowman
23:34 Stone Mining
24:01 Bow Saw
23:46 Gold Mining
24:17 Fletching
24:28 Padded Archer Armor
24:42 Loom
25:32 Wheelbarrow
28:28 Gold Shaft Mining
29:45 Leather Archer Armor
31:12 Ballistics
32:44 Hand Cart
37:36 Imperial Age
38:05 Capped Ram
39:57 Chemistry
38:57 Bodkin Arrow
42:14 Arbalester
43:37 Elite Longbowman
46:07 Bracer
46:37 Ring Archer Armor
--SHAKAL
17:33 Feudal Age
19:07 Wheelbarrow
20:11 Horse Collar
20:22 Double-Bit Axe
25:32 Castle Age
25:21 Scale Barding Armor
25:17 Scale Mail Armor
25:27 Forging
25:26 Padded Archer Armor
25:16 Fletching
26:44 Husbandry
26:13 Light Cavalry
29:32 Bow Saw
30:34 Hand Cart
30:28 Heavy Plow
33:07 Gold Mining
33:08 Stone Mining
34:34 Gold Shaft Mining
36:45 Chain Mail Armor
36:50 Chain Barding Armor
37:06 Iron Casting
36:27 Bodkin Arrow
36:50 Leather Archer Armor
39:12 Fortified Wall
38:58 Murder Holes
43:57 Imperial Age
44:41 Heavy Camel Rider
44:43 Hussar
44:44 Cavalier
47:13 Plate Mail Armor
47:44 Crop Rotation
48:19 Two-Man Saw
48:10 Plate Barding Armor
49:10 Paladin
50:25 Ring Archer Armor
49:55 Bracer
50:19 Ballistics
51:00 Chemistry
49:50 Guard Tower
49:53 Arrowslits
50:35 Conscription
50:05 Loom
53:31 Hoardings
52:19 Elite Cataphract
53:18 Logistica
52:49 Pikeman
53:30 Squires
54:26 Halberdier
54:54 Arson
Парень с высшим
11:53 Feudal Age
13:23 Loom
16:27 Castle Age
14:33 Double-Bit Axe
14:57 Horse Collar
18:07 Wheelbarrow
18:41 Bow Saw
19:01 Heavy Plow
25:03 Town Watch
26:34 Gold Mining
26:38 Stone Mining
29:16 Hand Cart
29:01 Town Patrol
29:48 Inquisition
30:30 Man-at-Arms
30:56 Gambesons
32:00 Forging
31:50 Scale Mail Armor
31:15 Long Swordsman
31:56 Squires
33:22 Arson
36:45 Imperial Age
35:15 Iron Casting
34:55 Chain Mail Armor
34:32 Fletching
36:20 Stone Shaft Mining
36:01 Masonry
36:11 Ballistics
38:13 Conscription
38:32 Hoardings
39:01 Chemistry
37:47 Arrowslits
37:58 Murder Holes
38:24 Block Printing
38:22 Redemption
38:33 Sanctity
38:46 Two-Handed Swordsman
40:30 Blast Furnace
40:00 Plate Mail Armor
39:26 Bodkin Arrow
38:57 Elite Conquistador
39:55 Onager
40:09 Champion
43:43 Architecture
43:25 Fortified Wall
47:59 Capped Ram
51:03 Siege Ram
Connection lost

Rejoining the realm…

Still unreachable

The connection could not be restored.

Session expired

The server has moved on; the page needs a fresh start.